 Dungeon Crawl Stone Soup version 0.20.1-1-g8b1a95d (webtiles) character file.

536 Monsterracer the Cudgeler (level 7, -9/56 HPs)
             Began as a Yellow Draconian Warper on July 13, 2017.
             Mangled by Blork the orc
             ... wielding a +3 battleaxe
              (12 damage)
             ... on level 5 of the Dungeon.
             The game lasted 00:11:11 (5266 turns).

Monsterracer the Cudgeler (Yellow Draconian Warper) Turns: 5266, Time: 00:11:11

Health: -9/56      AC:  9    Str: 11 (16) XL:     7   Next: 4%
Magic:  10/10      EV: 12    Int: 13      God:
Gold:   243        SH:  0    Dex: 12 (13) Spells: 6/10 levels left

rFire    . . .     SeeInvis .   a - +1 mace
rCold    . . .     Gourm    .   (no shield)
rNeg     . . .     Faith    .   (armour unavailable)
rPois    .         Spirit   .   (helmet restricted)
rElec    .         Reflect  .   m - +0 cloak
rCorr    +         Harm     +   s - +1 pair of gloves
MR       +....                  r - -1 pair of boots (curse)
Stlth    +.........             g - amulet of harm
Regen    0.2/turn               q - +3 ring of strength
MPRegen  0.2/turn               (no ring)

@: hasted, very quick
A: spit acid, acid resistance, unfitting armour, claws 1, hooves 1,
deterioration 1, magic resistance 1, cold-blooded, AC +6
a: Breathe Acid


You were on level 5 of the Dungeon.
You were not hungry.

You visited 1 branch of the dungeon, and saw 5 of its levels.

You collected 243 gold pieces.

Inventory:

Hand Weapons
 a - a +1 mace (weapon)
Missiles
 d - 4 tomahawks of dispersal (quivered)
Armour
 m - a +0 cloak (worn)
 r - a cursed -1 pair of boots (worn)
 s - a +1 pair of gloves (worn)
Jewellery
 g - an amulet of harm (around neck)
 q - a +3 ring of strength (left hand)
Wands
 v - a wand of polymorph (24/24)
Scrolls
 c - 2 scrolls of blinking
 i - 2 scrolls of recharging
 k - 3 scrolls of identify
 o - 2 scrolls of remove curse
Potions
 n - a potion of heal wounds
 p - a potion of haste
 t - a potion of curing
 w - 2 potions of agility
Books
 b - a book of Spatial Translocations

   Spells                             Type                      Level
   a - Blink                          Translocation                2
   b - Shroud of Golubria             Charms/Translocation         2
   c - Lesser Beckoning               Translocation                3
   d - Gell's Gravitas                Translocation                3
   e - Teleport Other                 Translocation                3
   f - Passage of Golubria            Translocation                4
 e - a Grand Grimoire

   Spells                             Type                      Level
   a - Monstrous Menagerie            Summoning                    7
   b - Summon Greater Demon           Summoning                    7
   c - Malign Gateway                 Summoning/Translocation      7
   d - Summon Horrible Things         Summoning                    8
Comestibles
 h - 3 meat rations
 l - 3 royal jellies


   Skills:
 + Level 2.8 Fighting
 * Level 7.1 Maces & Flails
 + Level 1.6 Throwing
 + Level 2.5 Dodging
 - Level 2.0 Spellcasting
 - Level 3.0 Translocations


You had 6 spell levels left.
You knew the following spells:

 Your Spells              Type           Power        Failure   Level  Hunger
a - Blink                 Tloc           N/A          11%         2    ###....
b - Shroud of Golubria    Chrm/Tloc      #.........   21%         2    ###....


Dungeon Overview and Level Annotations

Branches:
Dungeon (5/15)
 Temple: D:4-7

Altars:
Cheibriados
Elyvilon
Qazlal
Trog

Annotations:
D:4 Pikel; noisi's ghost, novice KoHu
D:5 Blork the orc


Innate Abilities, Weirdness & Mutations

You can spit globs of acid.
You are resistant to acid.
Your golden yellow scales are hard. (AC +6)
You cannot fit into any form of body armour.
You are cold-blooded and may be slowed by cold attacks.
You have sharp fingernails.
You have large cloven feet.
Your body sometimes deteriorates upon taking damage.
You are resistant to hostile enchantments. (MR+)


Message History

You hit Blork the orc.
Blork the orc is heavily wounded.
You have got your breath back.
Blork the orc hits you but does no damage.
You hit Blork the orc.
Blork the orc is severely wounded.
Blork the orc hits you but does no damage.
You hit Blork the orc but do no damage.
Blork the orc is severely wounded.
Blork the orc casts a spell at you. The puff of frost misses you.
You completely miss Blork the orc.
Blork the orc is severely wounded.
Blork the orc hits you with an enchanted battleaxe!
* * * LOW HITPOINT WARNING * * *
Huge Dmg: -28%(-16hp) hp: 6%(3hp)
You hit Blork the orc.
Your tail-slap misses Blork the orc.
Blork the orc is almost dead.
Blork the orc hits you with an enchanted battleaxe!
You die...

#.......#
#'# #.# #.#
#.# #.# #.#
##########.#
#....@o..).#
#.##########
#.# #.# #.#
#.# #.# #.#
#<#


You could see Blork the orc.

Vanquished Creatures
  Sigmund (D:2)
  An ogre (D:5)
  A hound (D:4)
  An orc wizard (D:2)
  A centaur skeleton (D:4)
  2 worker ants (D:4)
  3 adders
  A gnoll (D:1)
  3 worms
  2 dart slugs (D:1)
  3 leopard geckos
  7 orcs (D:3)
  7 bats
  11 giant cockroaches
  7 goblins
  6 hobgoblins
  7 jackals
  7 kobolds
  6 quokkas
  A ball python (D:4)
  8 frilled lizards
  7 rats
93 creatures vanquished.

Notes
Turn   | Place    | Note
-------+----------+-------------------------------------------
     0 | D:1      | Monsterracer the Draconian Warper began the quest for the Orb.
     0 | D:1      | Reached XP level 1. HP: 17/17 MP: 3/3
   411 | D:1      | Reached XP level 2. HP: 15/24 MP: 5/5
   615 | D:1      | Reached skill level 3 in Maces & Flails
   946 | D:1      | Reached XP level 3. HP: 11/29 MP: 6/6
  1662 | D:2      | Reached skill level 4 in Maces & Flails
  1831 | D:2      | Noticed Sigmund
  1848 | D:2      | Killed Sigmund
  1848 | D:2      | Reached skill level 6 in Maces & Flails
  1848 | D:2      | Reached XP level 4. HP: 14/36 MP: 7/7
  1848 | D:2      | Reached XP level 5. HP: 16/41 MP: 8/8
  2090 | D:2      | Found a stormy altar of Qazlal.
  2094 | D:2      | Found a transporter.
  2102 | D:2      | Found a transporter.
  2128 | D:2      | HP: 2/41 [orc wizard/dagger (3)]
  2151 | D:2      | HP: 1/41 [orc wizard/magic dart (4)]
  2312 | D:2      | Learned a level 2 spell: Blink
  2315 | D:2      | Learned a level 2 spell: Shroud of Golubria
  2591 | D:2      | Reached XP level 6. HP: 47/48 MP: 9/9
  3166 | D:3      | Found a bloodstained altar of Trog.
  3717 | D:4      | Noticed a slave
  3718 | D:4      | Noticed a slave
  3719 | D:4      | Noticed Pikel
  3720 | D:4      | Noticed a slave
  3720 | D:4      | Noticed a slave
  3737 | D:4      | Reached skill level 1 in Throwing
  3839 | D:4      | Noticed noisi's ghost (novice KoHu)
  3856 | D:4      | Gained mutation: Your body sometimes deteriorates upon taking damage. [potion of mutation]
  3856 | D:4      | Gained mutation: You are resistant to hostile enchantments. (MR+) [potion of mutation]
  3856 | D:4      | Gained mutation: You have large cloven feet. [potion of mutation]
  3856 | D:4      | Gained mutation: You have sharp fingernails. [potion of mutation]
  4478 | D:4      | Reached skill level 7 in Maces & Flails
  4893 | D:4      | Found a snail-covered altar of Cheibriados.
  4896 | D:4      | Found a white marble altar of Elyvilon.
  4928 | D:5      | Entered Level 5 of the Dungeon
  4953 | D:5      | Your scales start taking on a golden yellow colour.
  4953 | D:5      | Reached XP level 7. HP: 5/56 MP: 10/10
  5242 | D:5      | Noticed Blork the orc
  5266 | D:5      | Mangled by Blork the orc

Skill      XL: |  1  2  3  4  5  6 |
---------------+-------------------+-----
Maces & Flails | 3 6 7 |  7.1
Throwing       | 1 |  1.6
Fighting       | |  2.8
Dodging        | |  2.5
Spellcasting   | |  2.0
Translocations | |  3.0

Action                   |  1- 3 |  4- 6 |  7- 9 || total
-------------------------+-------+-------+-------++-------
Melee: Mace              |   109 |   210 |     6 ||   325
       Tailslap          |    11 |    24 |       ||    35
       Kick              |       |     5 |       ||     5
Throw: Tomahawk          |       |     1 |       ||     1
 Abil: Breathe Acid      |       |       |     1 ||     1
  Use: Potion            |     4 |     6 |     1 ||    11
       Scroll            |       |     7 |       ||     7
 Stab: Sleeping          |       |     2 |       ||     2
  Eat: Chunk             |     3 |     9 |       ||    12
       Bread ration      |       |       |     1 ||     1
Armor: Skin              |    50 |    75 |     1 ||   126
Dodge: Dodged            |   115 |   145 |     3 ||   263
